[Event "Aktivschachturnier (30 Sek. pro Zug)"]
[Site "Wuppertal"]
[Date "2007.??.??"]
[Round "?"]
[White "Leonardo B 6 MHz, Saitek"]
[Black "Montreal 68000, Mephisto"]
[Result "0-1"]
[ECO "B10"]
[WhiteElo "1820"]
[BlackElo "1970"]
[Annotator "Jaeger,Thomas"]
[PlyCount "86"]
[EventDate "2007.??.??"]
[TimeControl "120+1"]

{32MB, book.ctg, ANJATHOMAS} 1. e4 c6 2. Nc3 d5 {letzter Buchzug} 3. Bd3 e6 4.
exd5 exd5 5. Nf3 Nf6 6. O-O Be7 7. Re1 O-O 8. b3 Re8 9. Bb2 Bd6 10. Rxe8+ Qxe8
11. h3 Qe7 12. Qe2 Qxe2 13. Bxe2 Bf5 14. Nd4 Bg6 15. d3 Na6 16. Re1 Re8 17. a3
Nc7 18. a4 Ne6 19. Nxe6 Rxe6 20. Nd1 Bb4 21. Bc3 Bxc3 22. Nxc3 d4 23. Nb1 Nd5
24. Kf1 Nb4 25. Bd1 Kf8 26. Rxe6 fxe6 27. Ke2 e5 28. Nd2 Ke7 29. Kf3 b5 30.
axb5 cxb5 31. Ne4 Bh5+ 32. g4 Bg6 33. Nc5 a5 34. h4 h6 35. h5 Be8 36. Ke4 Kf6
37. Kf3 Bc6+ 38. Ke2 a4 39. bxa4 bxa4 40. Kd2 Na2 41. Be2 Nc3 42. Ke1 a3 43.
Kd2 Bd5 0-1

[Event "Aktivschachturnier (30 Sek. pro Zug)"]
[Site "Wuppertal"]
[Date "2007.??.??"]
[Round "?"]
[White "Montreal 68000, Mephisto"]
[Black "Super Constellation, Novag"]
[Result "1-0"]
[ECO "A47"]
[WhiteElo "1970"]
[BlackElo "1732"]
[Annotator "Jaeger,Thomas"]
[PlyCount "95"]
[EventDate "2007.??.??"]
[TimeControl "120+1"]

{32MB, book.ctg, ANJATHOMAS} 1. Nf3 Nf6 2. d4 b6 {letzter Buchzug} 3. Nc3 d5 4.
Bg5 Bb7 5. e3 {letzter Buchzug} Nbd7 6. Bb5 c6 7. Be2 c5 8. dxc5 e6 9. cxb6
Qxb6 10. Rb1 Bb4 11. O-O O-O 12. Bxf6 Nxf6 13. Nb5 Rac8 14. c3 Be7 15. Ne5 Bc5
16. Qd3 Ba6 17. a4 Bd6 18. Qd4 Bc5 19. Qf4 Bxb5 20. Bxb5 Bd6 21. Qd4 Bc5 22.
Qd3 Bd6 23. Nf3 Rfd8 24. Rfd1 Ne4 25. Qe2 Rc5 26. Nd4 Qc7 27. Nb3 Rxb5 28. axb5
Bxh2+ 29. Kf1 h6 30. Ra1 Bg3 31. f3 Nd6 32. e4 dxe4 33. fxe4 Rb8 34. Nd4 Bf4
35. Nc6 Rb7 36. c4 e5 37. Qd3 Nc8 38. Qd8+ Kh7 39. b4 Nb6 40. Qxc7 Rxc7 41. c5
Nc8 42. Rd3 f6 43. g3 Bg5 44. Kf2 Kg8 45. Rad1 a6 46. Rd7 Rxd7 47. Rxd7 axb5
48. Rd8+ 1-0

[Event "Aktivschachturnier (30 Sek. pro Zug)"]
[Site "Wuppertal"]
[Date "2007.??.??"]
[Round "?"]
[White "Super Constellation, Novag"]
[Black "Montreal 68000, Mephisto"]
[Result "0-1"]
[ECO "C82"]
[WhiteElo "1732"]
[BlackElo "1970"]
[Annotator "Jaeger,Thomas"]
[PlyCount "115"]
[EventDate "2007.??.??"]
[TimeControl "120+1"]

{32MB, book.ctg, ANJATHOMAS} 1. e4 e5 2. Nf3 Nc6 3. Bb5 a6 4. Ba4 Nf6 5. O-O
Nxe4 6. d4 b5 7. Bb3 d5 8. dxe5 Be6 9. c3 Nc5 10. Bc2 {letzter Buchzug} Bg4 11.
Nbd2 Be7 12. h3 Bh5 13. Re1 Qd7 14. Nf1 Rd8 {letzter Buchzug} 15. Ng3 Bg6 16.
Bxg6 hxg6 17. Bf4 Ne6 18. Bd2 Bc5 19. a4 b4 20. Ng5 bxc3 21. bxc3 a5 22. Rb1
O-O 23. Nxe6 Qxe6 24. Rb7 Rb8 25. Qb3 Bb6 26. Rxb8 Rxb8 27. Qd1 Nxe5 28. Bf4 f6
29. Ne2 Qc6 30. Ng3 Nc4 31. Qg4 Re8 32. Ra1 g5 33. Nf5 Re4 34. g3 Qc5 35. Rf1
Ne5 36. Qh5 g6 37. Qh6 gxf5 38. Bxe5 fxe5 39. Qxg5+ Kf7 40. Qxf5+ Ke7 41. Qh7+
Ke6 42. Qg6+ Kd7 43. Kg2 Qxc3 44. Qf7+ Kd6 45. Qf8+ Kc6 46. Qa8+ Kc5 47. Qf8+
Kc4 48. Qe8 Qd2 49. Qb5+ Kc3 50. Qc6+ Kb3 51. Qb5+ Rb4 52. Qc6 Qd3 53. Rc1 Rxa4
54. Qb7 Ra2 55. Rf1 e4 56. g4 Qf3+ 57. Kg1 Ka3 58. Qxb6 {gibt auf} 0-1